 Dungeon Crawl Stone Soup version 0.29.1-1-gd02db6906a (webtiles) character file.

Game seed: 3264142646740781639

1691 xian the Cleaver (level 8, -1/69 HPs)
             Began as a Minotaur Gladiator on Sept 27, 2022.
             Was an Initiate of Okawaru.
             Slain by a fire elemental (9 damage)
             ... created by the fiery vengeance of Ignis
             ... on level 6 of the Dungeon.
             The game lasted 00:16:58 (6851 turns).

xian the Cleaver (Minotaur Gladiator)               Turns: 6851, Time: 00:16:59

Health: -1/69      AC: 15    Str: 28    XL:     8   Next: 72%
Magic:  7/7        EV:  9    Int: 11    God:    Okawaru [......]
Gold:   218        SH:  0    Dex: 11    Spells: 7/7 levels left

rFire   . . .      SeeInvis .   E - +2 mace (venom)
rCold   . . .      Faith    .   (no shield)
rNeg    . . .      Spirit   .   l - +0 plate armour
rPois   .          Reflect  .   c - +0 hat
rElec   .          Harm     .   u - +0 cloak
rCorr   .          Rampage  .   (no gloves)
Will    .....                   n - +0 pair of boots
Stlth   ..........              (no amulet)
HPRegen 0.21/turn               j - +6 ring of intelligence
MPRegen 0.10/turn               t - +6 ring of strength

@: fire susceptible
A: horns 2, retaliatory headbutt
a: Renounce Religion


You were on level 6 of the Dungeon.
You worshipped Okawaru.
Okawaru was noncommittal.
You visited 2 branches of the dungeon, and saw 7 of its levels.
You also visited: Ossuary.

You collected 248 gold pieces.
You spent 30 gold pieces at shops.

Inventory:

Hand Weapons
 a - a +1 war axe
 E - a +2 mace of venom (weapon)
Missiles
 d - 3 throwing nets
 k - 3 stones (quivered)
 F - 5 poisoned darts
Armour
 c - a +0 hat (worn)
 l - a +0 plate armour (worn)
 n - a +0 pair of boots (worn)
 u - a +0 cloak (worn)
Magical Staves
 B - a staff of death
 C - a staff of earth
Jewellery
 b - a ring of protection from fire
 j - a +6 ring of intelligence (left hand)
 t - a +6 ring of strength (right hand)
Wands
 m - a wand of paralysis (6)
 s - a wand of quicksilver (5)
Scrolls
 e - a scroll of poison {unknown}
 f - a scroll of fear
 v - 2 scrolls of enchant weapon
 x - a scroll of vulnerability {unknown}
 y - a scroll of amnesia
 A - a scroll of enchant armour {unknown}
 D - a scroll of identify
Potions
 g - 10 potions of curing
 h - a potion of degeneration {unknown}
 i - 2 potions of brilliance {unknown}
 o - 3 potions of heal wounds {unknown}
 p - 2 potions of mutation {unknown}
 q - 3 potions of flight
 r - a potion of cancellation {unknown}
 w - a potion of ambrosia {unknown}
 z - 2 potions of attraction {unknown}
 G - 2 potions of lignification {unknown}


   Skills:
 + Level 5.5 Fighting
 + Level 9.6(9.8) Axes
 + Level 2.5(6.6) Maces & Flails
 + Level 3.1 Throwing
 + Level 6.6 Armour
 + Level 4.1 Dodging
 + Level 0.7 Stealth


You had 7 spell levels left.
You didn't know any spells.
Your spell library contained the following spells:

 Spells                   Type           Power      Damage    Failure   Level
 Magic Dart               Conj           0%         1d3       98%         1
 Slow                     Hex            0%         N/A       98%         1
 Static Discharge         Conj/Air       0%         3-3/arc   99%         2
 Confusing Touch          Hex            0%         N/A       100%        3
 Dazzling Flash           Conj/Hex       0%         N/A       100%        3
 Mephitic Cloud           Conj/Pois/Air  0%         N/A       100%        3
 Portal Projectile        Hex/Tloc       0%         N/A       100%        3
 Vampiric Draining        Necr           0%         2d6       100%        3
 Dispel Undead            Necr           0%         3d6       100%        4
 Leda's Liquefaction      Hex/Erth       0%         N/A       100%        4
 Sticky Flame             Conj/Fire      0%         2d3       100%        4
 Agony                    Necr           0%         N/A       100%        5
 Silence                  Hex/Air        0%         N/A       100%        5
 Call Imp                 Summ           Unusable   N/A       N/A         2
 Call Canine Familiar     Summ           Unusable   N/A       N/A         3

Dungeon Overview and Level Annotations

Branches:
Dungeon (6/15)             Temple (1/1) D:5         Ossuary (visited)

Altars:
Ashenzari
Cheibriados
Dithmenos
Fedhas
Gozag
Hepliaklqana
Kikubaaqudgha
Okawaru
Ru
Sif Muna
Uskayaw
Vehumet
Wu Jian
Xom
Yredelemnul
The Shining One
Ignis

Shops:
D:1 ([!*!

Annotations:
D:4 3 runed translucent doors, baller8008's ghost, amateur HOFi
D:5 Menkaure


Innate Abilities, Weirdness & Mutations

You have a pair of horns on your head.
You reflexively headbutt those who attack you in melee.


Message History

a +0 falchion; a +0 leather armour; the human corpse of Eustachio You closely miss the scorpion.
The scorpion stings you but does no damage.
You barely miss the scorpion. You headbutt the scorpion.
The scorpion is moderately wounded.
The fire elemental barely misses you. The scorpion closely misses you.
You furiously retaliate!
You headbutt the scorpion.
The fire elemental barely misses you. x2
You thump the scorpion!
You kill the scorpion!
Okawaru accepts your kill. The fire elemental hits you.
The fire elemental burns you! The fire elemental hits you.
The fire elemental burns you! The fire elemental hits you.
The fire elemental burns you! The fire elemental hits you.
The fire elemental burns you! The fire elemental closely misses you.
You see here a scorpion corpse.
You closely miss the fire elemental.
Your headbutt misses the fire elemental.
The fire elemental hits you. The fire elemental burns you!
You closely miss the fire elemental.
Your headbutt misses the fire elemental.
The fire elemental hits you. The fire elemental burns you!
* * * LOW HITPOINT WARNING * * *
The fire elemental hits you. The fire elemental burns you!
* * * LOW HITPOINT WARNING * * *
You barely miss the fire elemental.
Your headbutt misses the fire elemental.
The fire elemental closely misses you. You furiously retaliate!
You headbutt the fire elemental!
You feel better. The fire elemental barely misses you.
The fire elemental hits you. The fire elemental burns you!
* * * LOW HITPOINT WARNING * * *
You feel better. The fire elemental barely misses you.
Okay, then.
As you read the scroll labelled YKIANY NEOZOACO, it crumbles to dust.
It is a scroll of amnesia.
You feel forgetful for a moment. The fire elemental hits you.
The fire elemental burns you!
You die...

.# ... ##.#. ..#
.... #.. #..## #..
#... .. #.# .# ..#
#.######.# #.#
#....@EE.# # ..#
########..##..# .##
.###....☼○)......#
.#
............###..#
># #..........# ...
.# ..$#........# .#
.# #..........####
. .#
###...........#####
.#
#.........#......


You could see 2 fire elementals.

Vanquished Creatures
  Eustachio (D:6)
  4 ogres
  2 centaurs
  A gnoll sergeant (D:4)
  2 necrophages
  3 scorpions
  A howler monkey (D:5)
  3 hounds
  2 orc priests
  4 iguanas (D:5)
  3 orc wizards
  2 mummies (Ossuary)
  13 gnolls
  3 adders
  A white imp (D:6)
  4 adder zombies (Ossuary)
  3 worms
  4 dart slugs
  28 orcs
  5 endoplasms
  A giant cockroach (D:1)
  5 gnoll zombies (Ossuary)
  6 hobgoblins
  2 jackals (D:3)
  5 quokkas
  8 ball pythons
  5 bats
  A frilled lizard (D:1)
  6 hobgoblin zombies (Ossuary)
  4 kobolds
  7 kobold zombies (Ossuary)
  5 orc zombies (Ossuary)
  6 rats
  A spectral orc (D:4)
151 creatures vanquished.

Vanquished Creatures (others)
  9 foxfires (D:3)
  3 plants (D:4)
12 creatures vanquished.

Grand Total: 163 creatures vanquished

Notes
Turn   | Place    | Note
-------+----------+-------------------------------------------
     0 | D:1      | xian the Minotaur Gladiator began the quest for the Orb.
     0 | D:1      | Reached XP level 1. HP: 18/18 MP: 0/0
   185 | D:1      | Found Yvveasm's Distillery.
   191 | D:1      | Bought a potion of curing for 30 gold pieces
   326 | D:1      | Found Dakaotto's General Store.
   339 | D:1      | Reached XP level 2. HP: 25/25 MP: 1/1
   373 | D:1      | Found a faded altar of an unknown god.
   386 | D:1      | Prayed at the altar of an unknown god.
   386 | D:1      | Became a worshipper of Ignis, the Dying Flame
   492 | D:1      | Found Oxyn's Distillery.
   638 | D:1      | Found Ziokem's Antique Armour Emporium.
   841 | D:1      | Found Siklajigh's Weapon Emporium.
   922 | D:1      | Reached skill level 4 in Axes
  1202 | D:2      | Reached XP level 3. HP: 23/30 MP: 2/2
  1406 | D:2      | Reached skill level 1 in Armour
  1780 | D:2      | Reached XP level 4. HP: 12/38 MP: 3/3
  2583 | D:3      | Reached skill level 5 in Axes
  2610 | D:3      | Reached XP level 5. HP: 24/45 MP: 4/4
  3469 | D:4      | Reached skill level 6 in Axes
  3497 | D:4      | Reached XP level 6. HP: 52/52 MP: 5/5
  3594 | D:4      | Found a sand-covered staircase.
  3607 | Ossuary  | Entered an ossuary
  3994 | D:4      | Found a blossoming altar of Fedhas.
  4038 | D:4      | Found an ancient bone altar of Kikubaaqudgha.
  4052 | D:4      | Identified the +1 leather armour of the Gusle {rN+ Str+3}
  4122 | D:4      | Found a runed translucent gate.
  4125 | D:4      | Found a runed translucent gate.
  4125 | D:4      | Found an opulent altar of Gozag.
  4125 | D:4      | Found a runed translucent gate.
  4128 | D:4      | Noticed a wyvern
  4128 | D:4      | Noticed baller8008's ghost (amateur HOFi)
  4545 | D:4      | Found a hazy altar of Hepliaklqana.
  4672 | D:5      | Entered Level 5 of the Dungeon
  4696 | D:5      | Reached skill level 7 in Axes
  4719 | D:5      | Reached XP level 7. HP: 59/59 MP: 6/6
  4734 | D:5      | Reached skill level 8 in Axes
  5262 | D:5      | Found a staircase to the Ecumenical Temple.
  5281 | Temple   | Entered the Ecumenical Temple
  5365 | D:5      | Reached XP level 8. HP: 40/67 MP: 7/7
  5799 | D:5      | Found a broken altar of Ashenzari.
  5799 | D:5      | Found a glowing golden altar of the Shining One.
  5890 | D:5      | Reached skill level 5 in Armour
  5979 | D:5      | Noticed a +0 dagger
  5979 | D:5      | Noticed a +0 falchion
  5980 | D:5      | Noticed a +0 short sword
  5980 | D:5      | Noticed a +0 dagger
  5981 | D:5      | Noticed a +0 short sword
  5983 | D:5      | Noticed a +0 spear
  5983 | D:5      | Noticed a +0 spear
  5984 | D:5      | Noticed a +0 falchion
  6107 | D:5      | Reached skill level 5 in Fighting
  6154 | D:5      | Noticed Menkaure
  6360 | D:5      | Found a hide-covered altar of Uskayaw.
  6375 | D:5      | Reached skill level 9 in Axes
  6567 | D:6      | Reached skill level 1 in Maces & Flails
  6693 | D:6      | Found an iron altar of Okawaru.
  6716 | D:6      | Fell from the grace of Ignis
  6716 | D:6      | Became a worshipper of Warmaster Okawaru
  6819 | D:6      | Noticed Eustachio
  6837 | D:6      | Killed Eustachio
  6849 | D:6      | HP: 2/69 [fire elemental[the fiery vengeance of Ignis]
                  | (10)]
  6851 | D:6      | Slain by a fire elemental

Illustrated notes

Levels and vault maps discovered:
D:1:      shiori_arrival_maze, layout_basic, serial_shops, nicolae_shop_crystal,
          shop, nicolae_lakefront_shop,
          nicolae_shop_temple_entry_statues_fountains, shop,
          shapermc_ecumenical_altar_venn
D:2:      layout_loops_cross
D:3:      layout_basic
D:4:      layout_loops_ring, mainiacjoe_overflow_boulevard,
          nicolae_hepliaklqana_monster_ancestors, mainiacjoe_overflow_alcove_2,
          nicolae_ossuary_entry_monument, ebering_ghost_gozag
D:5:      layout_basic, gammafunk_temple_overflow_statue,
          nicolae_uskayaw_en_pointe, minmay_temple_entry_nine_rooms,
          minmay_misc_feat_x, st_stairs_5, grunt_decor_arrowhead, uniq_menkaure
D:6:      layout_rooms, overflow_temple_1_default,
          nicolae_overflow_hidden_temple, uniq_eustachio
Temple:   hellmonk_temple_rainy

Skill      XL: |  1  2  3  4  5  6  7  8 |
---------------+-------------------------+-----
Axes           | 4 5 6 7 8 9 |  9.6
Armour         | 1 2 3 4 6 |  6.6
Fighting       | 3 4 5 |  5.5
Dodging        | 4 |  4.1
Maces & Flails | 2 |  2.5
Throwing       | 3 |  3.1
Stealth        | |  0.7

Action                   |  1- 3 |  4- 6 |  7- 9 || total
-------------------------+-------+-------+-------++-------
Melee: War axe           |    57 |   173 |    98 ||   328
       Headbutt          |     6 |    40 |    26 ||    72
       Punch             |       |     2 |       ||     2
       Mace              |       |       |    32 ||    32
Throw: Javelin           |     4 |     1 |       ||     5
       Stone             |     6 |    16 |    27 ||    49
Invok: Foxfire Swarm     |       |     1 |       ||     1
Evoke: Wand              |       |       |     1 ||     1
  Use: Scroll            |     1 |     3 |     2 ||     6
       Potion            |     1 |       |     3 ||     4
Armor: Chain mail        |    18 |       |       ||    18
       Leather armour    |     2 |       |       ||     2
       Plate armour      |    15 |    96 |   103 ||   214
Dodge: Dodged            |    33 |    62 |    69 ||   164
